 Dungeon Crawl Stone Soup version 0.19.1 (webtiles) character file.

95 Melicamp the Bolt Thrower (level 4, 0/38 HPs)
             Began as a Naga Arcane Marksman on Nov 27, 2016.
             Slain by a water moccasin (4 damage)
             ... on level 3 of the Dungeon.
             The game lasted 00:12:45 (2315 turns).

Melicamp the Bolt Thrower (Naga Arcane Marksman)    Turns: 2315, Time: 00:12:45

Health: 0/38       AC:  2    Str: 13    XL:     4   Next: 66%
Magic:  4/5        EV: 10    Int: 13    God:
Gold:   209        SH:  0    Dex: 12    Spells: 2 memorised, 2 levels left

rFire  . . .     SeeInvis +     a - +1 hand crossbow
rCold  . . .     Gourm    .     e - +0 robe
rNeg   . . .     Faith    .     (no shield)
rPois  +         Spirit   .     (no helmet)
rElec  .         Reflect  .     (no cloak)
rCorr  .         Harm     .     (no gloves)
MR     .....                    (no barding)
Stlth  +.........               (no amulet)
                                (no ring)
                                (no ring)

@: very slightly contaminated, very slow
A: see invisible, deformed body, poison resistance, slowness 2, slow metabolism
1, spit poison 1, AC +1
a: Spit Poison


You were on level 3 of the Dungeon.
You were not hungry.

You visited 1 branch of the dungeon, and saw 3 of its levels.

You collected 209 gold pieces.

Inventory:

Hand Weapons
 a - a +1 hand crossbow (weapon)
 i - a +1 short sword of protection
Missiles
 d - 10 bolts (quivered)
Armour
 e - a +0 robe (worn)
Scrolls
 b - a scroll of recharging
 n - 2 scrolls of remove curse
Potions
 g - a potion of agility
 h - 3 potions of curing {unknown}
 k - a potion of flight {unknown}
 m - a potion of heal wounds {unknown}
 o - a potion of might {unknown}
 r - a potion of invisibility {unknown}
Books
 c - a book of Debilitation

   Spells                             Type                      Level
   a - Corona                         Hexes                        1
   b - Slow                           Hexes                        2
   c - Gell's Gravitas                Hexes/Translocation          3
   d - Inner Flame                    Hexes/Fire                   3
   e - Cause Fear                     Hexes                        4
   f - Leda's Liquefaction            Hexes/Earth                  4
Comestibles
 f - 3 bread rations
 j - 3 fruits
 l - a beef jerky
 p - a meat ration
 q - a chunk of flesh


   Skills:
 - Level 1.0 Fighting
 + Level 4.2 Crossbows
 - Level 1.5 Dodging
 - Level 1.0 Spellcasting
 - Level 3.0 Hexes


You had 2 spell levels left.
You knew the following spells:

 Your Spells              Type           Power        Failure   Level  Hunger
a - Corona                Hex            #......      10%         1    ##.....
b - Slow                  Hex            #.......     14%         2    ###....


Dungeon Overview and Level Annotations

Branches:
Dungeon (3/15)

Altars:


Innate Abilities, Weirdness & Mutations

You cannot wear boots.
Your serpentine skin is tough. (AC +1)
You have supernaturally acute eyesight. (SInv)
Armour fits poorly on your strangely shaped body.
Your system is resistant to poisons. (rPois)
You cover ground very slowly.
You have a slow metabolism.
You can spit poison.


Message History

You have got your breath back.
The water moccasin bites you.
You closely miss the water moccasin.
The water moccasin is moderately wounded.
The water moccasin bites you!
* * * LOW HITPOINT WARNING * * *
The water moccasin barely misses you.
Wield which item (- for none, * to show all)? (? for menu, Esc to quit)
Your +1 short sword of protection goes still.
a - a +1 hand crossbow (weapon)
The water moccasin bites you.
* * * LOW HITPOINT WARNING * * *
You are too injured to fight recklessly!
Firing (i - inventory):
d - 11 bolts (quivered)
Press: ? - help, Shift-Dir - straight line, f/p - water moccasin
Aim: a water moccasin (moderately wounded, poisoned, softly glowing)
You shoot a bolt. The bolt hits the water moccasin.
The water moccasin is heavily wounded.
The water moccasin looks more healthy.
The water moccasin bites you.
You die...

#........# #...
##........###.....
..)...............
.........#.##....
..................
..................
..........####....
.......รท#######...
........@((.......
........S...##....
...............#
........%.(..###
###....?.....#
#.#.#......#
#.#.%......# .
#.........


You could see a water moccasin.

Vanquished Creatures
  Ijyb (D:2)
  3 adders (D:2)
  2 dart slugs (D:1)
  A ball python (D:1)
  8 giant cockroaches
  A goblin (D:2)
  7 hobgoblins
  7 kobolds
  A quokka (D:2)
  3 bats
  2 frilled lizards (D:1)
  6 rats
42 creatures vanquished.

Notes
Turn   | Place    | Note
-------+----------+-------------------------------------------
     0 | D:1      | Melicamp the Naga Arcane Marksman began the quest for the Orb.
     0 | D:1      | Reached XP level 1. HP: 18/18 MP: 2/2
   282 | D:1      | Reached skill level 2 in Crossbows
   569 | D:1      | Reached XP level 2. HP: 23/25 MP: 3/3
  1073 | D:2      | Learned a level 2 spell: Slow
  1110 | D:2      | Reached skill level 3 in Crossbows
  1110 | D:2      | Reached XP level 3. HP: 31/31 MP: 2/4
  1538 | D:2      | Noticed Ijyb
  1543 | D:2      | Killed Ijyb
  1543 | D:2      | Reached XP level 4. HP: 35/38 MP: 1/5
  1587 | D:2      | Reached skill level 4 in Crossbows
  2305 | D:3      | Noticed a water moccasin
  2315 | D:3      | Slain by a water moccasin

Skill      XL: |  1  2  3  4 |
---------------+-------------+-----
Crossbows      | 2 3 4 |  4.2
Fighting       | |  1.0
Dodging        | |  1.5
Spellcasting   | |  1.0
Hexes          | |  3.0

Action                   |  1- 3 |  4- 6 || total
-------------------------+-------+-------++-------
Melee: Short sword       |    15 |    25 ||    40
 Fire: Hand crossbow     |    54 |    16 ||    70
 Cast: Corona            |    23 |    19 ||    42
 Abil: Spit Poison       |     4 |     2 ||     6
  Use: Scroll            |    10 |     1 ||    11
  Eat: Chunk             |     2 |     2 ||     4
       Beef jerky        |       |     1 ||     1
Armor: Robe              |     6 |     7 ||    13
Dodge: Dodged            |    30 |    21 ||    51
